 Dungeon Crawl Stone Soup version 0.30.0-10-gfe55d96785 (webtiles) character file.

Game seed: 16624952199249073613

7268 ProzacElf the Basher (level 10, -4/172 HPs)
             Began as a Demigod Reaver on May 15, 2023.
             Slain by a yak (11 damage)
             ... on level 10 of the Dungeon.
             The game lasted 00:24:40 (10236 turns).

ProzacElf the Basher (Demigod Reaver)              Turns: 10236, Time: 00:24:40

Health: -4/172     AC: 25    Str: 21    XL:     10   Next: 58%
Magic:  16/16      EV:  2    Int: 19    God:
Gold:   1838       SH:  5    Dex: 12    Spells: 7/13 levels left

rFire   . . .        b - +3 whip (elec)
rCold   + . .        Q - +0 buckler
rNeg    + . .        z - melded +1 scale mail {rC+}
rPois   +            J - melded +4 helmet of Xeota {-Tele rElec rPois Dex+4}
rElec   .            M - melded +0 cloak {rPois}
rCorr   .            B - melded +2 pair of gloves of Satisfaction {Str+2}
SInv    .            I - melded +0 pair of boots
Will    +....        (no amulet) Stlth
                     s - ring of protection from cold
HPRegen 0.48/turn    q - ring of positive energy
MPRegen 0.15/turn

%: no passive effects
@: berserking, tree-form, very quick
A: stationary, stasis, torment immunity, boosted hp, high MP 1, forlorn, divine
attributes
a: no special abilities


You were on level 10 of the Dungeon.
You were a tree.
You visited 1 branch of the dungeon, and saw 10 of its levels.

You collected 1838 gold pieces.

Inventory:

Hand Weapons
 a - the +2 flail "Komiciox" {flame, Stlth+}
   (You found it on level 2 of the Dungeon)

   Stlth:     It makes you more stealthy.
 b - a +3 whip of electrocution (weapon)
 m - a +2 dagger of venom
 u - a +0 battleaxe
 P - a +3 flail
Missiles
 D - a throwing net
 E - 12 boomerangs (quivered)
 H - 2 atropa-tipped darts
 T - 26 poisoned darts
Armour
 e - a +0 ring mail
 n - a +0 leather armour
 o - a scarf of harm
 p - a +0 plate armour
 r - a +1 ring mail of cold resistance
 y - the +1 chain mail of the Endless Expanse {rElec MP+9}
   (You found it on level 4 of the Dungeon)

   rElec:     It insulates you from electricity.
   MP:        It affects your magic capacity (+9).
 z - a +1 scale mail of cold resistance (melded)
 B - the +2 pair of gloves of Satisfaction (melded) {Str+2}
   (You acquired it on level 10 of the Dungeon)

   Str:       It affects your strength (+2).
 I - a +0 pair of boots (melded)
 J - the +4 helmet of Xeota (melded) {-Tele rElec rPois Dex+4}
   (You found it on level 5 of the Dungeon)

   Dex:       It affects your dexterity (+4).
   rElec:     It insulates you from electricity.
   rPois:     It protects you from poison.
   -Tele:     It prevents most forms of teleportation.
 M - a +0 cloak of poison resistance (melded)
 O - a +2 leather armour of poison resistance
 Q - a +0 buckler (worn)
Jewellery
 q - a ring of positive energy (right branch)
 s - a ring of protection from cold (left branch)
 R - a ring of poison resistance
Wands
 g - a wand of acid (7)
 v - a wand of polymorph (6)
 N - a wand of paralysis (6)
Scrolls
 d - a scroll of enchant armour
 h - 5 scrolls of teleportation
 i - a scroll of immolation
 j - 3 scrolls of enchant weapon {unknown}
 A - a scroll of fog
Potions
 c - 2 potions of flight
 k - a potion of attraction
 l - a potion of haste
 t - 3 potions of berserk rage
 x - 2 potions of cancellation
 F - a potion of curing
 G - 2 potions of brilliance
 K - a potion of magic
 U - a potion of invisibility


   Skills:
 + Level 3.4 Fighting
 - Level 8.0 Maces & Flails
 - Level 3.6 Polearms
 - Level 5.0 Armour
 - Level 5.0 Dodging
 - Level 5.0 Stealth
 - Level 5.0 Shields
 - Level 2.0 Spellcasting
 - Level 3.0 Conjurations
 - Level 3.0 Necromancy
 + Level 2.7 Translocations
 - Level 3.0 Ice Magic
 - Level 5.0 Evocations


You had 7 spell levels left.
You knew the following spells:

 Your Spells              Type           Power      Damage    Failure   Level
a - Kiss of Death         Conj/Necr      52%        2d9       6%          1
b - Momentum Strike       Conj/Tloc      24%        3d8       10%         2
c - Hailstorm             Conj/Ice       13%        3d5       17%         3

Your spell library contained the following spells:

 Spells                   Type           Power      Damage    Failure   Level
 Necrotise                Necr           52%        1d6       6%          1
 Apportation              Tloc           24%        N/A       7%          1
 Shock                    Conj/Air       28%        1d4       11%         1
 Summon Small Mammal      Summ           4%         N/A       21%         1
 Portal Projectile        Hex/Tloc       14%        N/A       34%         3
 Call Canine Familiar     Summ           1%         N/A       52%         3
 Swiftness                Air            1%         N/A       52%         3
 Airstrike                Air            0%         2d(1-17)  89%         4
 Leda's Liquefaction      Hex/Erth       0%         N/A       89%         4


Dungeon Overview and Level Annotations

Branches:
Dungeon (10/15)            Temple (0/1) D:5            Lair (0/5) D:10
    Orc (0/2) D:9


Innate Abilities, Weirdness & Mutations

You are a tree.
Your roots penetrate the ground, keeping you stationary.
You cannot be teleported.
You are immune to unholy pain and torment.
Your maximum health is greatly increased.
Your equipment is partially melded.
You have an increased reservoir of magic. (+10% MP)
You shall have no god before yourself.
Your divine heritage dramatically boosts your attributes as you level up.


Message History

Yer roots penetrate tha ground.
Tha yak gores ye.
* * * LOW HITPOINT WARNIN'
* * * Tha yak gores ye but does nay damage.
Ye now haf 16/115hp.
It was a potion o' berserk rage.
A red film seems ta co'er yer vision as ye go berserk!
Ye feel yerself movin' faster!
Ye feel mighty!
Tha yak gores ye.
* * * LOW HITPOINT WARNIN'
* * * Tha yak gores ye.
* * * LOW HITPOINT WARNIN'
* * * Ye now haf 16/172hp.
Ye barely miss tha yak.
Tha yak be lightly wounded.
Tha yak bellows!
Ye barely miss tha yak.
Tha yak be lightly wounded.
Tha yak gores ye!
* * * LOW HITPOINT WARNIN'
* * * Tha yak gores ye.
* * * LOW HITPOINT WARNIN'
* * * Ye take 12 damage, an' haf 5/172 hp.
Ye closely miss tha yak.
Tha yak be lightly wounded.
Ye whack tha yak!
Tha yak be heavily wounded.
Tha yak barely misses ye.
Tha yak gores ye but does nay damage.
Ye whack tha yak!
Tha yak be severely wounded.
Ye closely miss tha yak.
Tha yak be severely wounded.
Tha yak barely misses ye.
Tha yak gores ye but does nay damage.
Ye hit tha yak.
Tha yak be almost dead.
Ye hit tha yak.
Tha yak be almost dead.
Tha yak gores ye but does nay damage. x2
Ye whack tha yak!
Ye kill tha yak!
Ye barely miss tha yak.
Tha yak gores ye!
Ye die...

......P.P.P..PP....PP........
##..P..........P...P.........
...PP..P.P..[.###.......
............####.o......
....PP.P..##....o.......
........#.....#...##....
.>....###Y...##........#
.......#YYT.......#....#
...##.♣.YY..#Y#####..##
######Y.#.# ##T..
#....#####...#
#..Y#.........#
#..............
#...............
#......#.........
#...#..##..:......
...###........$...


You could see 6 yaks and a troll.

Vanquished Creatures
  Grinder (D:6)
  10 yaks
  A wyvern (D:9)
  Menkaure (D:5)
  6 water moccasins
  An ice beast (D:7)
  2 orc warriors
  3 black bears
  A sky beast (D:7)
  An ogre (shapeshifter) (D:10)
  2 centaurs
  2 kobold brigands (D:9)
  2 phantoms (D:6)
  5 bullfrogs
  5 scorpions
  18 wights
  20 killer bees
  5 howler monkeys
  An electric eel (D:6)
  3 hounds
  5 orc priests
  A jelly (D:8)
  A gnoll bouda (D:4)
  Crazy Yiuf (D:2)
  3 sleepcaps
  Jessica (D:3)
  8 iguanas
  3 orc wizards
  3 gnolls (D:4)
  8 adders
  A white imp (D:5)
  2 ufetubi
  9 dart slugs
  12 orcs
  6 ball pythons
  9 endoplasms
  2 giant cockroaches (D:2)
  11 goblins
  8 hobgoblins
  2 jackals (D:5)
  28 kobolds
  6 quokkas
  3 bats
  7 frilled lizards
  3 rats
233 creatures vanquished.

Notes
Turn   | Place    | Note
-------+----------+-------------------------------------------
     0 | D:1      | ProzacElf the Demigod Reaver began the quest for the Orb.
     0 | D:1      | Reached XP level 1. HP: 17/17 MP: 5/5
   354 | D:1      | Reached XP level 2. HP: 19/24 MP: 7/7
   378 | D:1      | Learned a level 2 spell: Momentum Strike
  1059 | D:2      | Reached XP level 3. HP: 21/29 MP: 8/8
  1124 | D:2      | Identified the +2 flail "Komiciox" {flame, Stlth+}
  1324 | D:2      | Reached skill level 1 in Maces & Flails
  1587 | D:2      | Found a runed translucent door.
  1588 | D:2      | Noticed Crazy Yiuf
  1920 | D:3      | Reached skill level 2 in Maces & Flails
  1920 | D:3      | Reached XP level 4. HP: 36/36 MP: 9/9
  1976 | D:3      | Noticed Jessica
  1985 | D:3      | Killed Jessica
  2362 | D:4      | Learned a level 3 spell: Hailstorm
  2403 | D:4      | Identified the +1 chain mail of the Endless Expanse {rElec
                  | MP+9}
  2444 | D:4      | Reached skill level 3 in Maces & Flails
  2621 | D:4      | Reached skill level 1 in Stealth
  2621 | D:4      | Reached XP level 5. HP: 32/41 MP: 10/10
  3556 | D:5      | Entered Level 5 of the Dungeon
  3568 | D:5      | Noticed Menkaure
  3600 | D:5      | Reached XP level 6. HP: 42/48 MP: 11/11
  3634 | D:5      | Killed Menkaure
  3635 | D:5      | Reached skill level 4 in Maces & Flails
  3716 | D:5      | Reached XP level 7. HP: 31/53 MP: 13/13
  3963 | D:5      | Reached skill level 5 in Maces & Flails
  3991 | D:5      | Identified the +4 helmet of Xeota {-Tele rElec rPois Dex+4}
  4035 | D:5      | Found a staircase to the Ecumenical Temple.
  4468 | D:2      | Killed Crazy Yiuf
  4675 | D:6      | Reached skill level 5 in Stealth
  4836 | D:6      | Reached skill level 6 in Maces & Flails
  5148 | D:6      | Reached skill level 1 in Necromancy
  5148 | D:6      | Reached skill level 1 in Evocations
  5148 | D:6      | Reached XP level 8. HP: 60/60 MP: 14/14
  5352 | D:6      | You fall into a shaft and drop 1 floor!
  5387 | D:7      | Reached skill level 7 in Maces & Flails
  5848 | D:6      | Noticed Grinder
  5876 | D:6      | Killed Grinder
  6858 | D:6      | Reached skill level 1 in Ice Magic
  6858 | D:6      | Reached XP level 9. HP: 62/67 MP: 15/15
  7134 | D:8      | Identified a scroll of acquirement
  7134 | D:8      | Acquired 1154 gold pieces
  7336 | D:8      | Reached skill level 8 in Maces & Flails
  7556 | D:8      | Reached skill level 1 in Shields
  7677 | D:8      | Reached skill level 5 in Evocations
  7971 | D:8      | Reached skill level 5 in Shields
  7982 | D:8      | Reached skill level 1 in Armour
  8357 | D:9      | Found a staircase to the Orcish Mines.
  8471 | D:9      | Reached XP level 10. HP: 72/73 MP: 16/16
  9823 | D:10     | Entered Level 10 of the Dungeon
  9840 | D:10     | Found a staircase to the Lair.
  9857 | D:10     | Reached skill level 5 in Dodging
  9907 | D:10     | Reached skill level 5 in Armour
  9927 | D:10     | Reached skill level 1 in Translocations
 10133 | D:10     | Acquired the +2 pair of gloves of Satisfaction {Str+2}
 10161 | D:10     | Noticed a black mamba
 10163 | D:10     | a black mamba changed into a blink frog
 10228 | D:10     | HP: 5/172 [yak (5)]
 10236 | D:10     | Slain by a yak

Illustrated notes

Levels and vault maps discovered:
D:1:      minmay_arrival_stair_chambers, layout_loops_corners
D:2:      layout_loops_cross, uniq_crazy_yiuf_cottage
D:3:      layout_rooms, uniq_jessica
D:4:      layout_layer_cave, nicolae_titane
D:5:      kennysheep_slugbush, layout_cave_pools,
          minmay_temple_entry_proselytizer, uniq_menkaure
D:6:      layout_rooms, grunt_decor_resistance, serial_bayou_lagoon_a,
          uniq_grinder
D:7:      layout_loops_corners, nicolae_overflow_hidden_temple
D:8:      layout_basic, enter_bailey_5
D:9:      kennysheep_kobold_camp, layout_basic, orc_0_dummy
D:10:     layout_cave_pools, due_lair_maze_entry_diamond,
          kennysheep_generic_room_4, uniq_amaemon

Skill      XL: |  1  2  3  4  5  6  7  8  9 10 |
---------------+-------------------------------+-----
Spellcasting   | 2 |  2.0
Conjurations   | 3 |  3.0
Polearms       | 3 |  3.6
Maces & Flails | 2 3 4 6 7 8 |  8.0
Stealth        | 1 2 4 5 |  5.0
Necromancy     | 1 3 |  3.0
Evocations     | 1 4 5 |  5.0
Ice Magic      | 1 3 |  3.0
Shields        | 5 |  5.0
Armour         | 2 5 |  5.0
Dodging        | 3 5 |  5.0
Fighting       | 3 |  3.4
Translocations | 2 |  2.7

Action                     |  1- 3 |  4- 6 |  7- 9 | 10-12 || total
---------------------------+-------+-------+-------+-------++-------
  Melee: Spear             |    60 |       |       |       ||    60
         Dagger            |    88 |    82 |       |       ||   170
         Punch             |     1 |     3 |     6 |       ||    10
         Flail             |       |    62 |   437 |   136 ||   635
         Whip              |       |       |       |   191 ||   191
    Use: Scroll            |       |     6 |    13 |     5 ||    24
         Potion            |       |     2 |     1 |     2 ||     5
   Stab: Sleeping          |       |     1 |    13 |     5 ||    19
         Distracted        |       |       |     1 |       ||     1
 Armour: Ring mail         |    37 |    67 |   216 |    67 ||   387
         Scale mail        |       |       |       |    81 ||    81
         Skin              |       |       |       |     5 ||     5
  Dodge: Dodged            |    56 |   129 |   274 |   194 ||   653
  Block: Buckler           |       |       |    58 |   106 ||   164

Action                     |  1- 3 |  4- 6 |  7- 9 | 10-12 || total
---------------------------+-------+-------+-------+-------++-------
  Melee: Spear             |    60 |       |       |       ||    60
         Dagger            |    88 |    82 |       |       ||   170
         Punch             |     1 |     3 |     6 |       ||    10
         Flail             |       |    62 |   437 |   136 ||   635
         Whip              |       |       |       |   191 ||   191
    Use: Scroll            |       |     6 |    13 |     5 ||    24
         Potion            |       |     2 |     1 |     2 ||     5
   Stab: Sleeping          |       |     1 |    13 |     5 ||    19
         Distracted        |       |       |     1 |       ||     1
 Armour: Ring mail         |    37 |    67 |   216 |    67 ||   387
         Scale mail        |       |       |       |    81 ||    81
         Skin              |       |       |       |     5 ||     5
  Dodge: Dodged            |    56 |   129 |   274 |   194 ||   653
  Block: Buckler           |       |       |    58 |   106 ||   164

Levels and vault maps discovered:
D:1:      minmay_arrival_stair_chambers, layout_loops_corners
D:2:      layout_loops_cross, uniq_crazy_yiuf_cottage
D:3:      layout_rooms, uniq_jessica
D:4:      layout_layer_cave, nicolae_titane
D:5:      kennysheep_slugbush, layout_cave_pools,
          minmay_temple_entry_proselytizer, uniq_menkaure
D:6:      layout_rooms, grunt_decor_resistance, serial_bayou_lagoon_a,
          uniq_grinder
D:7:      layout_loops_corners, nicolae_overflow_hidden_temple
D:8:      layout_basic, enter_bailey_5
D:9:      kennysheep_kobold_camp, layout_basic, orc_0_dummy
D:10:     layout_cave_pools, due_lair_maze_entry_diamond,
          kennysheep_generic_room_4, uniq_amaemon
